[Event "Early-Titled-Tuesday-Blitz-October-17-2023"]
[Site "Chess.com"]
[Date "2023.10.17"]
[Round "9"]
[White "Iball95"]
[Black "JimDiGrease"]
[Result "1/2-1/2"]
[WhiteElo "2841"]
[BlackElo "2894"]
[TimeControl "180+1"]
[EndTime "9:51:56 PDT"]
[Termination "Game drawn - insufficient material"]

1. e4 c5 2. Nf3 e6 3. Nc3 Nc6 4.
d4 cxd4 5. Nxd4 Nf6 6. Bf4 Bc5 7. Ndb5 O-O 8. Bc7 Qe7 9. Bd6 Bxd6 10. Qxd6 Qd8 11. Nc7 Rb8 12. Be2 b5 13. e5 Ne8 14.
Nxe8 b4 15. Ne4 Rxe8 16. O-O Rf8 17. Rad1 Rb6 18. Qc5 Ne7 19. Nd6 Ba6 20. Bxa6 Rxa6 21. Qxb4 Rxa2 22. Ra1 Nc6 23. Qc3 Rxa1 24. Rxa1 Qg5 25.
Re1 Rb8 26. b3 h6 27. g3 Rb4 28. Nc4 Rb5 29. h4 Qh5 30. Qe3 Rd5 31. Kg2 a5 32.
Qf3 Qxf3+ 33. Kxf3 Nd4+ 34. Ke4 Nxc2 35. Re2 Rd4+ 36.
Kf3 Nb4 37. Nxa5 Rd5 38. Nc4 Nd3 39. Re3 f6 40. exf6 gxf6 41. Ke2 Nc1+ 42. Ke1 Nd3+ 43.
Ke2 Nb4 44. Nb6 Rd6 45. Nc4 Ra6 46. Kf3 d5 47. Nb2 Kf7 48. Nd3 Nc2 49. Nc5 Rc6 50.
Rc3 Nd4+ 51. Ke3 Nxb3 52. Rxb3 Rxc5 53. h5 f5 54. f4 Kf6 55. Rb7 Rc3+ 56. Kf2 Rc2+ 57.
Kg1 d4 58. Rd7 Rd2 59. Rh7 d3 60. Rxh6+ Kf7 61. Kf1 Re2 62. Rh7+ Kf6 63. Rd7 Re3 64.
Kf2 Re2+ 65. Kf3 Rh2 66. Rxd3 Rxh5 67. Ra3 Rh1 68. Ra8 Rb1 69. Rf8+ Ke7 70. Ra8 Rb3+ 71. Kf2 Kd6 72. Ra6+ Kd5 73. Ra5+ Kd6 74. Ra6+ Ke7 75.
Ra7+ Kf6 76. Ra6 Rb2+ 77. Kf3 Rb8 78. Ra7 Rh8 79. Ra6 Rh1 80. Kg2 Rd1 81. Kf3 Rd3+ 82. Kf2 Ke7 83. Ra7+ Rd7 84. Ra6 Rd2+ 85. Ke3 Rb2 86. Kf3 Kf6 87. Ra7 Rc2 88. Ra6 Ke7 89.
Ra7+ Kd6 90. Ra6+ Kd5 91. Ra5+ Rc5 92. Ra3 Kd4 93. Ra6 Rc3+ 94. Kf2 Rc2+ 95. Kf3 Rc3+ 96.
Kf2 Kd5 97. Ra5+ Kd6 98. Ra6+ Kd5 99. Ra5+ Rc5 100. Ra6 Rc4 101. Ra5+ Kd4 102. Re5 Rc2+ 103. Kf3 Rc6 104. Kg2 Rb6 105. Kh3 Rc6 106. Kh4 Rb6 107. Kg5 Ra6 108. Kf6 Ra2 109. Rxe6 Rg2 110. Kxf5 Rxg3 111. Re1 Rg8 112. Re7 Rf8+ 113. Kg5 Rg8+ 114. Kf5 Rf8+ 115. Ke6 Rxf4 116. Rd7+ Ke3 117. Re7 Re4+ 118. Kd6 Rxe7 119. Kxe7 1/2-1/2

[Event "Early-Titled-Tuesday-Blitz-October-17-2023"]
[Site "Chess.com"]
[Date "2023.10.17"]
[Round "10"]
[White "Fore_Man"]
[Black "alsdesdentao"]
[Result "1-0"]
[WhiteElo "2350"]
[BlackElo "2450"]
[TimeControl "180+1"]
[EndTime "9:53:43 PDT"]
[Termination "Fore_Man won by resignation"]

1. Nf3 g6 2. c4 Bg7 3. Nc3 Nf6 4. d4 d6 5. e4 O-O 6. h3 c5 7. d5 Nfd7 8. g4 Bxc3+ 9. bxc3 Qa5 10. Qc2 Qa4 11.
Qxa4 1-0

[Event "Early-Titled-Tuesday-Blitz-October-17-2023"]
[Site "Chess.com"]
[Date "2023.10.17"]
[Round "10"]
[White "AndresDelgado77"]
[Black "amelia91"]
[Result "1-0"]
[WhiteElo "2341"]
[BlackElo "2175"]
[TimeControl "180+1"]
[EndTime "9:54:47 PDT"]
[Termination "AndresDelgado77 won by resignation"]

1. e4 c5 2. Nf3 d6 3. d4 cxd4 4. Qxd4 Nc6 5. Bb5 Bd7 6. Qd3 g6 7. Nc3 Bg7 8. Bg5 Nf6 9. O-O-O h6 10.
Bh4 O-O 11. e5 Nxe5 12. Nxe5 Bxb5 13. Qxb5 1-0

[Event "Early-Titled-Tuesday-Blitz-October-17-2023"]
[Site "Chess.com"]
[Date "2023.10.17"]
[Round "10"]
[White "pankajfm"]
[Black "lefonghua"]
[Result "0-1"]
[WhiteElo "2156"]
[BlackElo "2623"]
[TimeControl "180+1"]
[EndTime "9:54:49 PDT"]
[Termination "lefonghua won by resignation"]

1. e4 c5 2. Nc3 g6 3. g3 Bg7 4. Bg2 Nc6 5. d3 Rb8 6. f4 d6 7. Be3 Nd4 8. Nf3 b5 9. Bf2 b4 10. Ne2 Nxf3+ 11. Bxf3 Bxb2 12. Rb1 Bg7 13. O-O Nf6 14.
e5 Nd7 15. exd6 exd6 16. c3 a5 17. d4 O-O 18. dxc5 Nxc5 19. cxb4 axb4 20. a3 b3 21. Bxc5 dxc5 22. Rxb3 Qxd1 0-1

[Event "Early-Titled-Tuesday-Blitz-October-17-2023"]
[Site "Chess.com"]
[Date "2023.10.17"]
[Round "10"]
[White "Let_it_be_1"]
[Black "Szczor"]
[Result "0-1"]
[WhiteElo "2634"]
[BlackElo "2569"]
[TimeControl "180+1"]
[EndTime "9:55:10 PDT"]
[Termination "Szczor won by resignation"]

1. e4 c5 2. Nf3 d6 3. d4 cxd4 4.
Nxd4 Nf6 5. Nc3 a6 6. Be2 e5 7.
Nb3 Be7 8. O-O O-O 9. Kh1 b5 10. a4 bxa4 11. Rxa4 Bb7 12. Na5 Qc7 13. Nxb7 Qxb7 14.
Bc4 Nbd7 15. Bd5 Nxd5 16. Nxd5 Nf6 17. Nxf6+ Bxf6 18. Qxd6 Qb5 0-1

[Event "Early-Titled-Tuesday-Blitz-October-17-2023"]
[Site "Chess.com"]
[Date "2023.10.17"]
[Round "10"]
[White "GMaka"]
[Black "Tobias_Koelle"]
[Result "0-1"]
[WhiteElo "2529"]
[BlackElo "2932"]
[TimeControl "180+1"]
[EndTime "9:55:22 PDT"]
[Termination "Tobias_Koelle won by resignation"]

1. d4 Nf6 2. Bg5 c5 3. Bxf6 gxf6 4. d5 d6 5. c4 f5 6. Nc3 Bg7 7. e3 Nd7 8. Bd3 Ne5 9. Nge2 O-O 10. O-O e6 11. Qc2 Qh4 12. b3 Bf6 13. Nf4 Kh8 14.
Be2 Rg8 15. g3 Qh6 16. Rad1 Be7 17. Qb2 Qg7 18. Nb5 Nf3+ 0-1

[Event "Early-Titled-Tuesday-Blitz-October-17-2023"]
[Site "Chess.com"]
[Date "2023.10.17"]
[Round "10"]
[White "jk13"]
[Black "ChainedDowntohell"]
[Result "1-0"]
[WhiteElo "2690"]
[BlackElo "2487"]
[TimeControl "180+1"]
[EndTime "9:55:52 PDT"]
[Termination "jk13 won by resignation"]

1. e4 c5 2. c3 d5 3. exd5 Qxd5 4. d4 g6 5. Nf3 Bg7 6. Na3 cxd4 7. Bc4 Qe4+ 8. Be3 Nh6 9. Nb5 O-O 10. Nbxd4 Ng4 11.
Qe2 Nxe3 12. fxe3 e5 13. Nb5 Qc6 14. O-O-O a6 15. Nd6 Ra7 16. Nxf7 Rxf7 17. Rd8+ Bf8 18. Bxf7+ Kxf7 19. Nxe5+ Kg7 20. Nxc6 1-0

[Event "Early-Titled-Tuesday-Blitz-October-17-2023"]
[Site "Chess.com"]
[Date "2023.10.17"]
[Round "10"]
[White "Goryachkina"]
[Black "vladgoncharov"]
[Result "1/2-1/2"]
[WhiteElo "2650"]
[BlackElo "2571"]
[TimeControl "180+1"]
[EndTime "9:55:55 PDT"]
[Termination "Game drawn by repetition"]

1. e4 e6 2. d4 d5 3. e5 c5 4. c3 Nc6 5. Nf3 Nge7 6. Na3 cxd4 7. cxd4 Nf5 8. Nc2 Nh4 9. a3 Nxf3+ 10. Qxf3 Qb6 11.
Qe3 Bd7 12. Bd3 Ne7 13. O-O Bb5 14. Bxb5+ Qxb5 15. a4 Qd7 16. b3 Nc6 17. Qg3 Rc8 18. Ra2 g6 19. Qd3 Bg7 20. Ba3 Bf8 21. Bc1 Be7 22. Bh6 Bf8 23. Bc1 1/2-1/2

[Event "Early-Titled-Tuesday-Blitz-October-17-2023"]
[Site "Chess.com"]
[Date "2023.10.17"]
[Round "10"]
[White "ActorXu"]
[Black "AsadliVugar"]
[Result "1-0"]
[WhiteElo "2810"]
[BlackElo "2873"]
[TimeControl "180+1"]
[EndTime "9:55:58 PDT"]
[Termination "ActorXu won by resignation"]

1. e4 g6 2. d4 d6 3. Nc3 c6 4. f4 b5 5. Nf3 b4 6. Ne2 Bg7 7. Be3 Nd7 8. e5 Nb6 9. Ng3 Nh6 10. Bd3 Nd5 11. Bd2 Bg4 12. h3 Bxf3 13. Qxf3 e6 14.
Ne4 Nf5 15. c3 bxc3 16. bxc3 O-O 17. O-O c5 18. g4 Nfe7 19. exd6 Nc6 20. dxc5 Rc8 21.
Rab1 f5 22. gxf5 exf5 23. Ng5 Nxc3 24. Bc4+ Kh8 25. Bxc3 1-0

[Event "Early-Titled-Tuesday-Blitz-October-17-2023"]
[Site "Chess.com"]
[Date "2023.10.17"]
[Round "10"]
[White "Beca95"]
[Black "Polish_fighter3000"]
[Result "0-1"]
[WhiteElo "2923"]
[BlackElo "3057"]
[TimeControl "180+1"]
[EndTime "9:56:12 PDT"]
[Termination "Polish_fighter3000 won by resignation"]

1. d4 Nf6 2. c4 g6 3. Nc3 d5 4. Nf3 Bg7 5. h4 c6 6. Bg5 O-O 7. Bxf6 Bxf6 8. h5 g5 9. h6 Bf5 10. e3 e6 11. Bd3 Bg6 12. Bxg6 hxg6 13. Qe2 Nd7 14. O-O-O Nb6 15. c5 Nd7 16. e4 b6 17.
e5 Be7 18. cxb6 axb6 19. Qd2 g4 20. h7+ Kh8 21. Kb1 gxf3 22. gxf3 Bb4 23. f4 Qe7 24. Rc1 c5 25. Qd1 Bxc3 26. Rxc3 c4 27. f5 exf5 0-1

[Event "Early-Titled-Tuesday-Blitz-October-17-2023"]
[Site "Chess.com"]
[Date "2023.10.17"]
[Round "10"]
[White "Journey_to_GrandMaster_YT"]
[Black "salomez"]
[Result "1-0"]
[WhiteElo "2606"]
[BlackElo "2354"]
[TimeControl "180+1"]
[EndTime "9:56:35 PDT"]
[Termination "Journey_to_GrandMaster_YT won by resignation"]

1. c4 Nf6 2. Nc3 g6 3. g3 Bg7 4.
Bg2 d6 5. e3 e5 6. Nge2 O-O 7.
O-O Nbd7 8. b4 a5 9. b5 Rb8 10. d4 exd4 11. exd4 Re8 12. Re1 Nb6 13. c5 dxc5 14. dxc5 Qxd1 15. Rxd1 Nc4 16. Bf4 Bg4 17. f3 Bf5 18. Bxc7 Rbc8 19. b6 Ne3 20. Rd2 Nd7 21.
c6 bxc6 22. g4 Nc4 23. Rdd1 Bc2 24. Rxd7 1-0

[Event "Early-Titled-Tuesday-Blitz-October-17-2023"]
[Site "Chess.com"]
[Date "2023.10.17"]
[Round "10"]
[White "averageFM"]
[Black "Ranindu2003"]
[Result "1-0"]
[WhiteElo "2610"]
[BlackElo "2773"]
[TimeControl "180+1"]
[EndTime "9:56:43 PDT"]
[Termination "averageFM won by resignation"]

1. e4 c5 2. Nf3 Nc6 3. d4 cxd4 4. Nxd4 Nf6 5. Nc3 e5 6. Ndb5 d6 7. Nd5 Nxd5 8. exd5 Ne7 9. c4 Ng6 10. Qa4 Bd7 11. Qb4 Qb8 12. h4 h5 13. Be3 a6 14. Nc3 Be7 15. Na4 Qc7 16. Nb6 Rb8 17. O-O-O f5 18. g3 Bf6 19. Kb1 e4 20. c5 Be5 21. Nc4 dxc5 22. Bxc5 Rc8 23. Bd6 Bxd6 24. Nxd6+ Kd8 25. Nxb7+ Ke8 26. Nd6+ Kd8 27. Nxc8 Bxc8 28. Rc1 Qd7 29. Qb6+ Ke8 30. Qxg6+ 1-0

[Event "Early-Titled-Tuesday-Blitz-October-17-2023"]
[Site "Chess.com"]
[Date "2023.10.17"]
[Round "10"]
[White "adotand"]
[Black "djokovic74"]
[Result "1-0"]
[WhiteElo "2860"]
[BlackElo "2739"]
[TimeControl "180+1"]
[EndTime "9:56:56 PDT"]
[Termination "adotand won by resignation"]

1. Nf3 Nf6 2. c4 e6 3. e3 d5 4. b3 Be7 5. Bb2 O-O 6. Nc3 c5 7. cxd5 exd5 8. Ne2 Nc6 9. Ng3 d4 10. Bb5 Bd7 11. O-O dxe3 12. fxe3 a6 13. Be2 Qc7 14. Nh4 Rad8 15. Nhf5 Bxf5 16. Nxf5 Ne5 17. Qe1 Ng6 18. h4 Rfe8 19. h5 Nf8 20. h6 g6 21.
Nxe7+ Qxe7 22. Bxf6 Qd7 23. Qf2 Ne6 24. Bc3 Qe7 25.
Bf6 Qd7 26. Bxd8 Rxd8 27. Bc4 Qxd2 28. Qxf7+ 1-0

[Event "Early-Titled-Tuesday-Blitz-October-17-2023"]
[Site "Chess.com"]
[Date "2023.10.17"]
[Round "10"]
[White "Katuducha"]
[Black "OLDTERMINATOR"]
[Result "0-1"]
[WhiteElo "2200"]
[BlackElo "1649"]
[TimeControl "180+1"]
[EndTime "9:56:58 PDT"]
[Termination "OLDTERMINATOR won on time"]

1. e4 e6 2. d4 d5 3. e5 c5 4. c3 Nc6 5. Nf3 Qb6 6. a3 c4 7.
Nbd2 Na5 8. h4 Bd7 9. h5 h6 10.
g4 Ne7 11. Bh3 Rc8 12. Nh4 Nec6 13. f4 Be7 0-1

[Event "Early-Titled-Tuesday-Blitz-October-17-2023"]
[Site "Chess.com"]
[Date "2023.10.17"]
[Round "10"]
[White "whiteglovethief"]
[Black "wanyaland"]
[Result "0-1"]
[WhiteElo "2622"]
[BlackElo "2430"]
[TimeControl "180+1"]
[EndTime "9:57:03 PDT"]
[Termination "wanyaland won by resignation"]

1. d4 d5 2. c4 e6 3. Nf3 Nf6 4. g3 dxc4 5. Bg2 Nc6 6. O-O Rb8 7. e3 Be7 8. Nfd2 Na5 9. Nc3 b5 10. a4 c6 11. b3 b4 12. Nxc4 Nxc4 13. bxc4 bxc3 14.
Bxc6+ Bd7 15. Bb5 O-O 16. Qd3 Bb4 17. Ba3 a5 18. Rfb1 Qe7 19. Bxb4 axb4 20. a5 Rfd8 21.
Ra4 Bxb5 22. cxb5 Rdc8 23. b6 Nd5 24. e4 Nxb6 25. Raxb4 c2 26. Rxb6 Rxb6 27. axb6 cxb1=Q+ 28. Qxb1 Qb7 0-1

[Event "Early-Titled-Tuesday-Blitz-October-17-2023"]
[Site "Chess.com"]
[Date "2023.10.17"]
[Round "10"]
[White "dianamirza"]
[Black "beccrajoy"]
[Result "0-1"]
[WhiteElo "1957"]
[BlackElo "2009"]
[TimeControl "180+1"]
[EndTime "9:57:08 PDT"]
[Termination "beccrajoy won by resignation"]

1. e4 c6 2. d4 d5 3. exd5 cxd5 4. Bd3 Nf6 5. c3 Nc6 6. Bf4 Bg4 7. Qb3 Qd7 8. Nd2 e6 9. Ngf3 Bd6 10. Ne5 Qc7 11.
Ndf3 O-O 12. O-O Bxf3 13. gxf3 Nxe5 14. dxe5 Bxe5 15. Bxe5 Qxe5 16. Qxb7 Rab8 17. Qxa7 Rxb2 18. Qe3 Qh5 19. Rfb1 Rfb8 20. a4 Qh4 21. Rxb2 Rxb2 22. a5 Nh5 23. Rb1 Rxb1+ 24. Bxb1 Nf4 25. Kf1 Qh3+ 26.
Ke1 Ng2+ 27. Ke2 Nxe3 28. Kxe3 Qxh2 29. a6 Qb8 30. Bd3 Kf8 0-1

[Event "Early-Titled-Tuesday-Blitz-October-17-2023"]
[Site "Chess.com"]
[Date "2023.10.17"]
[Round "10"]
[White "Zurability"]
[Black "JuniorJumper"]
[Result "0-1"]
[WhiteElo "2732"]
[BlackElo "2605"]
[TimeControl "180+1"]
[EndTime "9:57:09 PDT"]
[Termination "JuniorJumper won by resignation"]

1. Nf3 d5 2. g3 Bg4 3. Bg2 e6 4. O-O Nd7 5. d3 Ngf6 6. Be3 Bd6 7. c4 c6 8. Qb3 Qb8 9. Nc3 O-O 10. Qc2 a6 11. a3 e5 12. cxd5 cxd5 13. Bg5 d4 14.
Nb1 h6 15. Bxf6 Nxf6 16. Nbd2 b5 17. h3 Be6 18. Nh4 Ra7 19. Rac1 Rc7 20. Qb1 Rfc8 21. Ne4 Nxe4 22. Bxe4 Bxh3 23. Rfe1 g6 24. Bd5 Kg7 25.
Nf3 Bg4 26. Nh2 Rxc1 27. Rxc1 Bxe2 28. f3 Rxc1+ 29. Qxc1 Bxd3 30. Qc6 Qc7 0-1

[Event "Early-Titled-Tuesday-Blitz-October-17-2023"]
[Site "Chess.com"]
[Date "2023.10.17"]
[Round "10"]
[White "Kotofeyca"]
[Black "CraiggoryC"]
[Result "1-0"]
[WhiteElo "2393"]
[BlackElo "2195"]
[TimeControl "180+1"]
[EndTime "9:57:10 PDT"]
[Termination "Kotofeyca won on time"]

1. d4 e6 2. c4 Nf6 3. Nf3 d5 4. Nc3 c6 5. cxd5 exd5 6. Bg5 Be7 7. Qc2 Nbd7 8. e3 O-O 9. Bd3 Re8 10. O-O Nf8 11.
Rab1 a5 12. a3 Ng6 13. b4 Bd6 14. b5 h6 15. Bxf6 Qxf6 16. bxc6 bxc6 17. e4 Bc7 18. e5 Qf4 19. Ne2 Qg4 20. h3 Qh5 21. Ng3 1-0

[Event "Early-Titled-Tuesday-Blitz-October-17-2023"]
[Site "Chess.com"]
[Date "2023.10.17"]
[Round "10"]
[White "THE_PLAYER6"]
[Black "ivana_999"]
[Result "1-0"]
[WhiteElo "2575"]
[BlackElo "2078"]
[TimeControl "180+1"]
[EndTime "9:57:17 PDT"]
[Termination "THE_PLAYER6 won by checkmate"]

1. e4 e6 2. Nf3 d5 3. e5 c5 4. g3 Nc6 5. Bg2 Qc7 6. Qe2 Nge7 7. O-O Ng6 8. Re1 Be7 9. c3 Qb6 10.
d3 Bd7 11. h4 h5 12. Nbd2 O-O-O 13. Nb3 Na5 14. Nxa5 Qxa5 15. Be3 Qc7 16. b4 Nxe5 17.
Nxe5 Qxe5 18. bxc5 Bc6 19. d4 Qc7 20. Bf4 Qa5 21.
Rab1 g5 22. hxg5 h4 23. g6 hxg3 24. gxf7 gxf2+ 25. Kxf2 Bh4+ 26. Kf1 Bxe1 27. Qxe6+ Bd7 28. Qxd5 Bc6 29. Qe6+ Rd7 30. Bxc6 bxc6 31. Rb8# 1-0

[Event "Early-Titled-Tuesday-Blitz-October-17-2023"]
[Site "Chess.com"]
[Date "2023.10.17"]
[Round "10"]
[White "DonCiao"]
[Black "Ishowmoves57"]
[Result "1-0"]
[WhiteElo "2114"]
[BlackElo "2206"]
[TimeControl "180+1"]
[EndTime "9:57:21 PDT"]
[Termination "DonCiao won by resignation"]

1. c4 Nf6 2. g3 g6 3. Bg2 Bg7 4. Nc3 O-O 5. e4 d6 6. Nge2 e5 7. O-O c5 8. d3 Nc6 9. h3 Nd4 10. Nxd4 cxd4 11. Ne2 Nh5 12. b4 f5 13. exf5 gxf5 14. Nxd4 Nxg3 15. fxg3 exd4 16. Qf3 a6 17. Bf4 Bd7 18. Qd5+ Kh8 19. Qxd6 Bc6 20. Bxc6 Qxd6 21. Bxd6 Rfd8 22. Bxb7 Ra7 23. Bc7 Rd7 24. Rae1 Rxc7 25. Re8+ Bf8 26. Bd5 Kg7 27. Rxf5 Bd6 28. Rg8+ Kh6 29. g4 Rg7 30. Rf6+ Rg6 31. Rgxg6+ 1-0

[Event "Early-Titled-Tuesday-Blitz-October-17-2023"]
[Site "Chess.com"]
[Date "2023.10.17"]
[Round "10"]
[White "arminmusovic"]
[Black "Josgar05"]
[Result "1-0"]
[WhiteElo "2492"]
[BlackElo "2359"]
[TimeControl "180+1"]
[EndTime "9:57:23 PDT"]
[Termination "arminmusovic won on time"]

1. e4 e6 2. Qe2 d5 3. exd5 Qxd5 4. Nc3 Qd8 5. Nf3 Nc6 6. g3 Nf6 7. Bg2 Be7 8. O-O O-O 9. Rd1 Bd7 10. d4 Qc8 11. a3 a6 12. Ne4 Rb8 13. c3 b5 14.
Bf4 a5 15. Rac1 h6 16. Ne5 Nxe5 17. Bxe5 Nxe4 18. Bxe4 Bd6 19. Bb1 Bxe5 20. dxe5 Bc6 21. Rd4 g6 22. Rh4 h5 23. Qe3 Kg7 24. Rxh5 Rh8 25. Rxh8 Qxh8 26. Qg5 Qd8 27. Qe3 Qe7 28. Bc2 Rd8 29. h4 a4 30. Re1 Bd5 31. Qf4 Rb8 32. Kh2 1-0

[Event "Early-Titled-Tuesday-Blitz-October-17-2023"]
[Site "Chess.com"]
[Date "2023.10.17"]
[Round "10"]
[White "seopie"]
[Black "suyu28"]
[Result "1-0"]
[WhiteElo "2859"]
[BlackElo "2735"]
[TimeControl "180+1"]
[EndTime "9:57:25 PDT"]
[Termination "seopie won by resignation"]

1. d4 Nf6 2. c4 g6 3. Nc3 Bg7 4. e4 d6 5. h3 O-O 6. Be3 e5 7. d5 c6 8. g4 cxd5 9. cxd5 a5 10. Nge2 a4 11. Ng3 Qa5 12. a3 Nbd7 13. Bb5 Nb6 14. O-O Bd7 15. Qe2 Bxb5 16. Nxb5 Rfd8 17. Rfc1 Ne8 18. Nc7 Nxc7 19. Rxc7 Rac8 20. Qc2 Rb8 21.
Rc1 Na8 22. Rc4 b5 23. Rc6 b4 24. Bd2 Qb5 25. Bxb4 Bh6 26. Rd1 Rb6 27. Qc4 Qxc4 28.
Rxc4 Rb5 29. Rc6 Bf8 30. Ne2 Rb6 31. Rdc1 Rdb8 32. R1c4 Rxc6 33. Rxc6 1-0

[Event "Early-Titled-Tuesday-Blitz-October-17-2023"]
[Site "Chess.com"]
[Date "2023.10.17"]
[Round "10"]
[White "Kirill_Klukin"]
[Black "jcibarra"]
[Result "0-1"]
[WhiteElo "2676"]
[BlackElo "2882"]
[TimeControl "180+1"]
[EndTime "9:57:35 PDT"]
[Termination "jcibarra won by resignation"]

1. d4 Nf6 2. c4 d6 3. Nc3 e5 4. Nf3 e4 5. Nd2 Qe7 6. Qc2 e3 7. fxe3 c5 8. Nf3 Nc6 9. g3 g6 10. Bg2 Bh6 11. d5 Nb4 12. Qb3 Bxe3 13. Bxe3 Qxe3 14. Nb5 Qxb3 15. axb3 Nc2+ 16. Kd2 Nxa1 17.
Rxa1 Kd7 18. Bh3+ Ke7 19. Bxc8 Rhxc8 20. Kd3 a6 21. Nc3 Re8 22. e4 Nd7 23. Rf1 Kf8 24. g4 Kg7 25. h3 Rab8 26. Nd2 Ne5+ 27. Ke3 b5 28. cxb5 axb5 29. Ra1 b4 30. Na4 Ra8 31. Rf1 Ra6 32. Ke2 c4 0-1

[Event "Early-Titled-Tuesday-Blitz-October-17-2023"]
[Site "Chess.com"]
[Date "2023.10.17"]
[Round "10"]
[White "Resignify"]
[Black "MdSharifHossain"]
[Result "0-1"]
[WhiteElo "2334"]
[BlackElo "2218"]
[TimeControl "180+1"]
[EndTime "9:57:36 PDT"]
[Termination "MdSharifHossain won on time"]

1. e4 c5 2. Nc3 Nc6 3. g3 d6 4. Bg2 e5 5. d3 h5 6. Nf3 Nd4 7. h3 Ne7 8. Be3 Ng6 9. Nd5 h4 10.
g4 Be6 11. c3 Nxf3+ 12. Bxf3 Be7 13. Qa4+ Bd7 14. Qb3 Bc6 15. O-O O-O 16. Bg2 Bg5 17. Rad1 Bxd5 18. Qxd5 Bf4 19. d4 cxd4 20. cxd4 Qb6 21. b3 Rac8 22. dxe5 Bxe3 23. fxe3 Qxe3+ 24. Kh1 dxe5 25. Qxb7 Rc2 26. Rd7 Nf4 27. Rg1 Nxg2 0-1

[Event "Early-Titled-Tuesday-Blitz-October-17-2023"]
[Site "Chess.com"]
[Date "2023.10.17"]
[Round "10"]
[White "supereagles1201"]
[Black "PowerThinking2650"]
[Result "0-1"]
[WhiteElo "2359"]
[BlackElo "2489"]
[TimeControl "180+1"]
[EndTime "9:57:41 PDT"]
[Termination "PowerThinking2650 won by resignation"]

1. d4 Nf6 2. Bg5 g6 3. Bxf6 exf6 4. c4 f5 5. Nc3 Bg7 6. e3 O-O 7. Nge2 Re8 8. g3 d6 9. Bg2 Nd7 10. b4 Nf6 11. Qd3 h5 12. h4 Ng4 13. a4 a5 14. b5 Rb8 15. Rb1 Be6 16. Nf4 Bd7 17.
O-O g5 18. hxg5 Qxg5 19. Ncd5 h4 20. Nh3 Qh6 21. gxh4 Qxh4 22. Nxc7 Bh6 23. Nxe8 Rxe8 24. Rbe1 Kh8 25. c5 Rg8 26. Kh1 f4 27. e4 Ne3 28.
Rxe3 fxe3 29. fxe3 Bxh3 0-1

[Event "Early-Titled-Tuesday-Blitz-October-17-2023"]
[Site "Chess.com"]
[Date "2023.10.17"]
[Round "10"]
[White "Manukyan_Artak"]
[Black "invisible_s0ul"]
[Result "1-0"]
[WhiteElo "2459"]
[BlackElo "2270"]
[TimeControl "180+1"]
[EndTime "9:57:41 PDT"]
[Termination "Manukyan_Artak won on time"]

1. e4 c5 2. Nf3 d6 3. Bb5+ Bd7 4. Bxd7+ Nxd7 5. c4 Ngf6 6. Nc3 g6 7. d3 Bg7 8.
Bg5 O-O 9. Qd2 a6 10. a4 Ne5 11. Qe2 Nxf3+ 12. Qxf3 Nd7 13. O-O h6 14. Bh4 Ne5 15.
Qe2 Nc6 16. Nd5 g5 17. Bg3 Nd4 18. Qd1 e6 19. Ne3 e5 20. Nd5 Kh7 21. f3 f5 22.
Bf2 Ne6 23. b4 b6 24. a5 bxa5 25. bxc5 dxc5 26. Qa4 Qd6 27. Qxa5 Nd4 28. Bxd4 exd4 29. Rfb1 fxe4 30. fxe4 Be5 31. Rb6 Bxh2+ 32. Kh1 Qg3 33. Qxc5 Rf7 34. Qc6 Raf8 35. Qxh6+ Kg8 36. Rg6+ 1-0

[Event "Early-Titled-Tuesday-Blitz-October-17-2023"]
[Site "Chess.com"]
[Date "2023.10.17"]
[Round "10"]
[White "GMSAGOR"]
[Black "GradualismUnleashed"]
[Result "0-1"]
[WhiteElo "2471"]
[BlackElo "2617"]
[TimeControl "180+1"]
[EndTime "9:57:49 PDT"]
[Termination "GradualismUnleashed won by resignation"]

1. e4 c5 2. Nf3 e6 3. d4 cxd4 4. Nxd4 Nc6 5. Nc3 Qc7 6. Be2 a6 7. O-O Nf6 8. Be3 Bb4 9. Na4 O-O 10. Nxc6 bxc6 11. Nb6 Rb8 12. Nxc8 Rfxc8 13. Bd3 Bd6 14.
f4 e5 15. f5 Rxb2 16. Bxa6 Ra8 17. Bd3 Raxa2 18. Rxa2 Rxa2 19. g4 h6 20. h4 Ra4 21.
c4 Ra3 22. c5 Be7 23. g5 hxg5 24. hxg5 Nxe4 25. g6 Nf6 26. Bf2 e4 27. Bc4 Rh3 28.
Re1 Qh2+ 29. Kf1 Qh1+ 30. Ke2 Qf3+ 31. Kd2 Qc3+ 32. Ke2 Qxc4+ 0-1

[Event "Early-Titled-Tuesday-Blitz-October-17-2023"]
[Site "Chess.com"]
[Date "2023.10.17"]
[Round "10"]
[White "Balla_Tamas"]
[Black "cycygogne"]
[Result "0-1"]
[WhiteElo "2371"]
[BlackElo "2278"]
[TimeControl "180+1"]
[EndTime "9:57:56 PDT"]
[Termination "cycygogne won by resignation"]

1. e4 d5 2. exd5 Qxd5 3. Nc3 Qd6 4. d4 Nf6 5. Nf3 Bg4 6. Be2 e6 7. h3 Bh5 8. Be3 Nc6 9. O-O O-O-O 10. a3 Kb8 11. b4 Bxf3 12. Bxf3 Nxd4 13. Bxd4 Qxd4 14. Qe1 Bd6 15. Nb5 Qe5 16. Nxd6 Qxe1 17. Rfxe1 Rxd6 18. c4 c6 19. Ra2 Rhd8 20. a4 Rd2 21.
Rxd2 Rxd2 22. b5 Kc7 23. bxc6 bxc6 24. Rb1 Rc2 25. Rb4 Nd7 26. a5 a6 27. Rb3 Ra2 28. Rd3 Rxa5 29. g4 Ne5 30. Re3 Nxc4 31. Re4 Nd2 32. Rf4 Nxf3+ 33. Rxf3 f6 34. Re3 e5 35. f4 Kd6 36. fxe5+ Rxe5 37. Kf2 Rxe3 38. Kxe3 Ke5 0-1

[Event "Early-Titled-Tuesday-Blitz-October-17-2023"]
[Site "Chess.com"]
[Date "2023.10.17"]
[Round "10"]
[White "Cambek64"]
[Black "Emp3rador"]
[Result "1-0"]
[WhiteElo "2444"]
[BlackElo "2535"]
[TimeControl "180+1"]
[EndTime "9:57:57 PDT"]
[Termination "Cambek64 won by resignation"]

1. e3 d5 2. b3 e5 3. Bb2 Bd6 4. c4 c6 5. Nc3 Nf6 6. cxd5 cxd5 7. Nb5 O-O 8. Nxd6 Qxd6 9. d3 Nc6 10. Be2 d4 11. e4 a5 12. a3 Be6 13. Nf3 h6 14.
O-O Nd7 15. Nd2 Nc5 16. Nc4 Bxc4 17. bxc4 Rab8 18. Bc1 a4 19. f4 b5 20. fxe5 Nxe5 21.
cxb5 Rxb5 22. Bf4 Nb3 23. Ra2 Rc8 24. Bh5 Rb7 25. Raf2 f6 26. Bg4 Re8 27. Bf5 Qxa3 28. Bxe5 Rxe5 29. Qh5 Qe7 30. Qg6 Qf7 31. Qh7+ Kf8 32.
Bg6 Qg8 33. Rxf6+ gxf6 34. Rxf6+ 1-0

[Event "Early-Titled-Tuesday-Blitz-October-17-2023"]
[Site "Chess.com"]
[Date "2023.10.17"]
[Round "10"]
[White "InitiatingASC"]
[Black "LUISMIGUELOV"]
[Result "0-1"]
[WhiteElo "2346"]
[BlackElo "2186"]
[TimeControl "180+1"]
[EndTime "9:57:59 PDT"]
[Termination "LUISMIGUELOV won on time"]

1. e4 c6 2. Nf3 d5 3. Nc3 dxe4 4.
Nxe4 Bg4 5. Bc4 e6 6. h3 Bxf3 7. Qxf3 Nd7 8. d4 Ngf6 9. Bg5 Be7 10. O-O-O Nxe4 11. Bxe7 Qxe7 12. Qxe4 O-O-O 13. Rhe1 Nf6 14. Qe3 Rd7 15. d5 Nxd5 16. Qxa7 Rhd8 17. Qa8+ Kc7 18. Qa5+ Kb8 19. Rd3 Nc7 20. Ree3 Rxd3 21. Bxd3 Nd5 22. Re4 Qc7 23. Qa3 Qe7 24. Qb3 Qg5+ 25. Kb1 Qxg2 0-1

[Event "Early-Titled-Tuesday-Blitz-October-17-2023"]
[Site "Chess.com"]
[Date "2023.10.17"]
[Round "10"]
[White "CristianS27"]
[Black "wqws"]
[Result "1-0"]
[WhiteElo "2525"]
[BlackElo "2617"]
[TimeControl "180+1"]
[EndTime "9:58:03 PDT"]
[Termination "CristianS27 won by resignation"]

1. e4 e5 2. Nf3 Nc6 3. Bc4 Bc5 4. c3 Nf6 5. d4 exd4 6. cxd4 Bb4+ 7. Nc3 Nxe4 8. O-O Bxc3 9. d5 Ne7 10. bxc3 O-O 11.
Re1 Nf6 12. d6 Ng6 13. Ng5 cxd6 14. Qxd6 h6 15. Ne4 Nxe4 16. Rxe4 Qb6 17. Qg3 d5 18.
Bxd5 Bf5 19. Rb4 Rfe8 20. Be3 Qf6 21. Bd4 Qe7 22. h3 Qd7 23. c4 b6 24. h4 Rac8 25.
h5 a5 26. hxg6 Bxg6 27. Qxg6 1-0